 Dungeon Crawl Stone Soup version 0.29.0-5-ge4962eb29e (webtiles) character file.

Game seed: 285087631233984860

51 FluffGlitter the Covered (level 3, 0/24 HPs)
             Began as a Gargoyle Fighter on Aug 28, 2022.
             Slain by an orc wizard
             ... wielding a +0 dagger
              (2 damage)
             ... on level 2 of the Dungeon.
             The game lasted 00:07:08 (1684 turns).

FluffGlitter the Covered (Gargoyle Fighter)         Turns: 1684, Time: 00:07:09

Health: 0/24       AC: 12    Str: 21    XL:     3   Next: 81%
Magic:  3/3        EV:  7    Int:  8    God:
Gold:   40         SH:  4    Dex:  9    Spells: 2/2 levels left

rFire   + . .      SeeInvis .   a - +0 war axe
rCold   . . .      Faith    .   c - +0 buckler
rNeg    + . .      Spirit   .   f - +0 chain mail
rPois   ∞          Reflect  .   (no helmet)
rElec   +          Harm     .   (no cloak)
rCorr   .          Rampage  .   (no gloves)
Will    .....                   (no boots)
Stlth   ..........              (no amulet)
HPRegen 0.08/turn               m - ring of protection from fire
MPRegen 0.08/turn               (no ring)

@: mighty
A: sickness immunity, AC +3, negative energy resistance 1, electricity
resistance, torment resistance 1, petrification resistance
a: no special abilities


You were on level 2 of the Dungeon.
You visited 1 branch of the dungeon, and saw 3 of its levels.

You collected 40 gold pieces.

Inventory:

Hand Weapons
 a - a +0 war axe (weapon)
 b - a +0 sling
Missiles
 e - 30 stones
 i - 8 poisoned darts (quivered)
Armour
 c - a +0 buckler (worn)
 f - a +0 chain mail (worn)
Jewellery
 m - a ring of protection from fire (left hand)
Scrolls
 g - a scroll of immolation {unknown}
 h - a scroll of identify {unknown}
 j - 2 scrolls of amnesia {unknown}
 l - a scroll of enchant weapon {unknown}
 p - a scroll of butterflies {unknown}
 r - a scroll of magic mapping {unknown}
Potions
 d - a potion of might
 k - a potion of haste {unknown}
 n - a potion of ambrosia {unknown}
 o - a potion of degeneration {unknown}
 q - a potion of brilliance {unknown}


   Skills:
 + Level 3.8 Fighting
 + Level 2.3 Axes
 + Level 3.8 Armour
 + Level 3.8 Shields


You had 2 spell levels left.
You didn't know any spells.
Your spell library contained the following spells:

 Spells                   Type           Power      Damage    Failure   Level
 Ensorcelled Hibernation  Hex/Ice        0%         N/A       100%        2
 Passwall                 Tmut/Erth      0%         N/A       100%        2
 Portal Projectile        Hex/Tloc       0%         N/A       100%        3
 Swiftness                Air            0%         N/A       100%        3
 Tukima's Dance           Hex            0%         N/A       100%        3
 Blade Hands              Tmut           0%         N/A       100%        5


Dungeon Overview and Level Annotations

Branches:
Dungeon (3/15)

Altars:


Innate Abilities, Weirdness & Mutations

You are immune to sickness and miasma.
Your stone body is resilient. (AC +3)
You are immune to poison.
You resist negative energy. (rN+)
You are resistant to electric shocks. (rElec)
You are resistant to unholy torment.
You are immune to petrification.


Message History

The orc shouts!
You hit something. Something hits you but does no damage.
The orc hits you but does no damage.
You closely miss the orc.
The orc is heavily wounded.
You closely miss something. Something hits you but does no damage.
The orc barely misses you. You block the orc's attack. Something hits you.
You hear some strange, mumbled words.
You are confused.
You hit the orc.
You kill the orc!
You bump into the rock wall.
Something hits you but does no damage.
You bump into the rock wall.
Something hits you but does no damage.
You closely miss the orc. You completely miss something. Something hits you.
The orc hits you but does no damage. Something hits you but does no damage.
You completely miss something. You closely miss the orc.
You feel less confused.
You hear some strange, mumbled words.
A magic dart appears from out of thin air!
The magic dart hits you but does no damage.
The orc barely misses you. The orc hits you with a +0 flail.
* * * LOW HITPOINT WARNING * * *
Something hits you but does no damage.
You closely miss the orc. You miss something.
Something hits you but does no damage. The orc hits you but does no damage.
You feel very mighty all of a sudden. Something hits you but does no damage.
The orc hits you but does no damage.
You hit the orc.
The orc is severely wounded.
You hit something. Something hits you but does no damage.
The orc hits you but does no damage. x2
You hear some strange, mumbled words.
A puff of flame appears from out of thin air!
The puff of flame hits you. You resist.
* * * LOW HITPOINT WARNING * * *
You slash the orc!
You kill the orc!
You closely miss something. Something hits you.
You die...

##.......# #...>##### #.......#
#........# ####### #.......#
#....###.# [.....# #.......#
#....# #.# ......# ###....# #.#
......# #.....[# #.# ......#
#.#...####.#### ......#
########.##........... ......#
#..){@................
.....)######...).................
......)........................).
......##.........................
......##.........................
......##.........................
########.......####....##########
###..........#########...##
....####...............#..# #####


There were no monsters in sight!

Vanquished Creatures
  A gnoll (D:1)
  An adder (D:2)
  4 orcs (D:2)
  2 ball pythons (D:1)
  2 endoplasms (D:1)
  3 giant cockroaches
  2 hobgoblins (D:1)
  3 jackals (D:1)
  2 quokkas (D:1)
  A bat (D:1)
  A frilled lizard (D:1)
  3 kobolds (D:1)
  3 rats (D:1)
28 creatures vanquished.

Notes
Turn   | Place    | Note
-------+----------+-------------------------------------------
     0 | D:1      | FluffGlitter the Gargoyle Fighter began the quest for the
                  | Orb.
     0 | D:1      | Reached XP level 1. HP: 14/14 MP: 1/1
   131 | D:1      | Reached XP level 2. HP: 19/19 MP: 2/2
   356 | D:1      | Found a faded altar of an unknown god.
   376 | D:1      | Found a faded altar of an unknown god.
   885 | D:1      | Reached XP level 3. HP: 19/24 MP: 3/3
  1684 | D:2      | Slain by an orc wizard

Illustrated notes

Levels and vault maps discovered:
D:1:      dpeg_arrival_pond, layout_basic,
          hellmonk_ecumenical_altar_the_god_not_taken, minmay_pentomino_s2
D:2:      layout_basic, minmay_misc_feat_x
D:3:      cheibrodos_thug_alley, layout_loops_corners, lemuel_round_altar,
          mainiacjoe_overflow_six_doors_small, st_stairs_14,
          grunt_ministairs_12, nicolae_shop_unique_rings,
          minmay_misc_feat_secret_circle

Skill      XL: |  1  2 |
---------------+-------+-----
Axes           | 2 |  2.3
Fighting       | |  3.8
Armour         | |  3.8
Shields        | |  3.8

Action                   || total
-------------------------++-------
Melee: War axe           ||   102
Throw: Dart              ||    18
  Use: Potion            ||     1
Armor: Chain mail        ||    77
Dodge: Dodged            ||    46
Block: Buckler           ||    30
